 Dungeon Crawl Stone Soup version 0.31-a0-18-gea43df2a32 (webtiles) character file.

Game seed: 14253314386941798481

67 vineage the Trooper (level 4, -2/38 HPs)
             Began as a Merfolk Fighter on May 12, 2023.
             Slain by Crazy Yiuf
             ... wielding a +3 quarterstaff of chaos
              (11 damage)
             ... on level 2 of the Dungeon.
             The game lasted 00:01:35 (1366 turns).

vineage the Trooper (Merfolk Fighter)               Turns: 1366, Time: 00:01:36

Health: -2/38      AC:  8    Str: 15 (16) XL:     4   Next: 16%
Magic:  4/4        EV:  8    Int:  4 (7)  God:
Gold:   64         SH:  5    Dex: 14 (15) Spells: 3/3 levels left

rFire   . . .        a - +1 trident
rCold   . . .        c - +0 buckler
rNeg    . . .        b - +0 scale mail
rPois   .            j - +0 helmet
rElec   .            l - +0 cloak
rCorr   .            (no gloves)
SInv    .            (no boots)
Will    .....        (no amulet) Stlth
                     (no ring)
HPRegen 0.26/turn    (no ring)
MPRegen 0.09/turn

%: no passive effects
@: hasted, very quick
A: (nimble swimmer 2), mertail
a: no special abilities


You were on level 2 of the Dungeon.
You visited 1 branch of the dungeon, and saw 2 of its levels.

You collected 64 gold pieces.

Inventory:

Hand Weapons
 a - a +1 trident (weapon)
Armour
 b - a +0 scale mail (worn)
 c - a +0 buckler (worn)
 j - a +0 helmet (worn)
 l - a +0 cloak (worn)
Potions
 d - a potion of might
 i - a potion of flight


   Skills:
 * Level 4.4 Fighting
 * Level 4.4 Polearms
 - Level 2.1 Armour
 - Level 3.0 Shields


You had 3 spell levels left.
You didn't know any spells.
Your spell library was empty.

Dungeon Overview and Level Annotations

Branches:
Dungeon (2/15)

Altars:
Wu Jian

Shops:
D:2 (

Annotations:
D:2 Crazy Yiuf


Innate Abilities, Weirdness & Mutations

((You are very nimble when in or above water. (Stealth+, EV+, Speed+++)))
Your lower body shifts to a powerful aquatic tail in water.


Message History

It was a potion of flight.
You feel very buoyant.
You fly up into the air.
* * * LOW HITPOINT WARNING * * *
You feel sick. You block Crazy Yiuf's attack.
It was a potion of cancellation.
Your magical effects are unravelling.
You feel magically purged.
You float gracefully downwards.
You feel a little less mighty now.
* * * LOW HITPOINT WARNING * * *
You feel sick. You block Crazy Yiuf's attack.
It was a potion of ambrosia.
You are confused.
You feel invigorated.
You feel sick.
Crazy Yiuf yells, "Gum snockshim snockshim!"
Crazy Yiuf closely misses you.
It was a potion of degeneration.
There was something very wrong with that liquid.
You feel weakened.
You feel dopey.
You feel clumsy.
You feel sick. Crazy Yiuf barely misses you.
It was a potion of haste.
You feel yourself speed up.
You feel sick.
Crazy Yiuf hits you with a +3 quarterstaff of chaos.
* * * LOW HITPOINT WARNING * * *
You closely miss Crazy Yiuf.
You feel sick.
You bump into the tree.
You feel sick. Crazy Yiuf barely misses you.
You bump into the tree.
You feel sick.
You are no longer poisoned.
Crazy Yiuf hits you with a +3 quarterstaff of chaos!
* * * LOW HITPOINT WARNING * * *
You bump into the tree.
Crazy Yiuf barely misses you.
You bump into the tree.
You feel less invigorated.
You feel less confused.
You puncture Crazy Yiuf!
Crazy Yiuf is heavily wounded.
Crazy Yiuf closely misses you.
You puncture Crazy Yiuf!
Crazy Yiuf is almost dead.
Crazy Yiuf whimpers, "Cards!"
Crazy Yiuf hits you with a +3 quarterstaff of chaos!
You die...

##########..####....####.##
#....# #....# ###### #.##
#.#### ♣...P♣ #... #(#
♣♣P..♣ #.#. #.# ♣♣.♣♣
########..# #.# ♣♣.♣
#.......... ###.# ♣.♣♣
#.######..# #...# ♣♣.♣
##.######.#. #.### ♣@♣♣
#........... #.# #g#
##.######.## #.# ... #.#
#.# #.# #...# #.# #.# #.#
#)..# #.# #.# #.# ##### #.#
#(# #.# #.# #.## #.#
###############.# #.<.
#.###...............# ####


You could see Crazy Yiuf.

Vanquished Creatures
  2 adders (D:2)
  2 worms (D:2)
  2 dart slugs (D:1)
  7 endoplasms
  2 giant cockroaches
  A goblin (D:2)
  4 hobgoblins
  3 kobolds (D:2)
  A quokka (D:1)
  3 ball pythons
  5 bats
  7 rats
39 creatures vanquished.

Notes
Turn   | Place    | Note
-------+----------+-------------------------------------------
     0 | D:1      | vineage the Merfolk Fighter began the quest for the Orb.
     0 | D:1      | Reached XP level 1. HP: 18/18 MP: 1/1
   115 | D:1      | Reached XP level 2. HP: 24/24 MP: 2/2
   195 | D:1      | Found a faded altar of an unknown god.
   660 | D:2      | Reached XP level 3. HP: 30/30 MP: 3/3
   874 | D:2      | Found an ornate altar of the Wu Jian Council.
   887 | D:2      | Reached XP level 4. HP: 38/38 MP: 4/4
   912 | D:2      | Found Derat's Antique Weapon Boutique.
  1020 | D:2      | Found a runed translucent door.
  1021 | D:2      | Noticed Crazy Yiuf
  1356 | D:2      | HP: 1/38 [poisoned by Crazy Yiuf]
  1366 | D:2      | Slain by Crazy Yiuf

Illustrated notes

Levels and vault maps discovered:
D:1:      minmay_arrival_radiant_lines, layout_loops_ring,
          hellmonk_ecumenical_altar_crossroads
D:2:      layout_loops_ring, serial_shops, nicolae_shop_advertising_works
          [nicolae_subvault_shop_adworks], basic_altar, uniq_crazy_yiuf_cottage

Skill      XL: |  1  2  3 |
---------------+----------+-----
Polearms       | 3 4 |  4.4
Fighting       | 4 |  4.4
Armour         | |  2.1
Shields        | |  3.0

Action                     |  1- 3 |  4- 6 || total
---------------------------+-------+-------++-------
  Melee: Trident           |    73 |    35 ||   108
    Use: Scroll            |     2 |       ||     2
         Potion            |       |     8 ||     8
 Armour: Scale mail        |    19 |    11 ||    30
  Dodge: Dodged            |    12 |    11 ||    23
  Block: Buckler           |    10 |     6 ||    16

Table legend: (Time is in decaauts)
 A = Elapsed time spent in this place.
 B = Non-inter-level travel time spent in this place.
 C = Inter-level travel time spent in this place.
 D = Time resting spent in this place.
 E = Time spent auto-exploring this place.
 F = Levels seen in this place.
 G = Mean time per level.
                   A        B        C        D        E       F      G
               +--------+--------+--------+--------+--------+-----+--------+
         Total |   1380 |   1372 |      8 |      0 |   1103 |   2 |  690.0 |
       Dungeon |   1380 |   1372 |      8 |      0 |   1103 |   2 |  690.0 |
               +--------+--------+--------+--------+--------+-----+--------+

Top non-repeatable levels by time:
     D:2: 724 daAuts
     D:1: 656 daAuts
